Atomiques vs National
Created - 19 décembre 2014 at 20:16
Goals
|
| Atomiques |
1 |
0 |
1 |
2 |
| National |
3 |
0 |
3 |
6 |
|
Shots
|
| Atomiques |
10 |
13 |
13 |
36 |
| National |
12 |
5 |
14 |
31 |
|
1st period
1. National , Guillaume Desbiens 14 (Erik Gustafsson, Mikael Backlund) at 1:13
2. Atomiques , John McCarthy 4 (Nick Johnson, Alexander Sulzer) at 4:47
3. National , Guillaume Desbiens 15 (Dustin Kohn, Rico Fata) at 7:25
4. National , Janne Niskala 8 (Philip Larsen) at 16:08
Penalties :
Linus Omark (STB) for Hooking (Minor) at 9:01, Magnus Paajarvi-Svensson (Que) for Interference (Minor) at 12:43
2nd period
No Goal
Penalties :
Guillaume Desbiens (Que) for Roughing (Minor) at 6:43, Dustin Kohn (Que) for High sticking (Double Minor) at 10:59
3rd period
5. National , Guillaume Desbiens 16 (Mikael Backlund) at 5:01 (PP)
6. Atomiques , Linus Omark 9 (Alexander Sulzer) at 8:26 (PP)
7. National , Magnus Paajarvi-Svensson 5 (Igor Makarov) at 13:58
8. National , Mikael Backlund 19 (Pasi Salonen, Janne Niskala) at 16:40 (SH)
Penalties :
Davis Drewiske (STB) for Delaying the game (Minor) at 4:48, Pat Dwyer (Que) for Holding (Minor) at 7:35, Jonathan Matsumoto (Que) for Hooking (Minor) at 10:40, Guillaume Desbiens (Que) for Slashing (Minor) at 16:03
Goalie Stats
Sergei Bobrovsky (STB), 25 saves from 31 shots - (0,806), L, 4-9-2, 60:00 minutes
Tyler Plante (Que), 34 saves from 36 shots - (0,944), W, 7-4-0, 60:00 minutes
Players Stats for Atomiques
Player Name G A P +/- PIM S H SB GA TA FO MP PP MP PK MP
------------------------------------------------------------------------------------
Alexander Sulzer 0 2 2 -1 0 3 4 4 0 0 0/0 26:28 7:50 1:23
Alexandre Daigle 0 0 0 -3 0 4 4 0 2 1 1/2 20:24 7:06 0:00
Andrew Kozek 0 0 0 -1 0 2 0 0 0 0 0/0 12:26 0:27 0:58
Brad Winchester 0 0 0 -1 0 3 0 0 0 0 0/0 18:09 5:06 0:47
Brett Sutter 0 0 0 -1 0 0 1 0 0 0 3/4 11:47 0:00 0:46
Casey Borer 0 0 0 -2 0 0 2 1 0 0 0/0 12:48 0:00 0:00
Clayton Stoner 0 0 0 -1 0 2 2 1 0 2 0/0 20:51 5:03 0:49
Davis Drewiske 0 0 0 -1 2 1 1 1 0 0 0/0 26:07 7:43 1:10
Drew Larman 0 0 0 1 0 1 1 0 0 0 2/2 7:45 0:00 0:00
John McCarthy 1 0 1 1 0 3 2 0 0 0 0/0 8:41 0:00 0:14
John Zeiler 0 0 0 -1 0 0 1 2 0 0 1/1 17:22 5:06 0:00
Kyle Wharton 0 0 0 -1 0 0 1 1 0 0 0/0 20:51 5:03 0:49
Linus Omark 1 0 1 -3 2 9 1 1 2 0 1/1 21:18 7:06 0:13
Logan Couture 0 0 0 -3 0 3 0 0 0 1 14/31 21:22 7:06 0:16
Nick Johnson 0 1 1 1 0 1 0 0 0 0 0/0 8:19 0:34 0:00
Ryan Shannon 0 0 0 -1 0 3 1 0 1 0 0/0 11:35 0:34 0:00
Scott Jackson 0 0 0 -2 0 0 0 0 0 0 0/0 13:01 0:00 0:13
Tyler Brenner 0 0 0 -1 0 1 1 0 1 0 3/13 18:32 5:06 1:10
Players Stats for National
Player Name G A P +/- PIM S H SB GA TA FO MP PP MP PK MP
------------------------------------------------------------------------------------
Chris Mueller 0 0 0 2 0 0 4 0 0 0 1/1 8:57 0:00 0:00
David Desharnais 0 0 0 0 0 1 5 1 0 0 3/4 10:41 0:00 1:02
Dustin Kohn 0 1 1 2 4 0 3 4 0 0 0/0 19:48 0:53 4:08
Erik Gustafsson 0 1 1 2 0 2 1 1 0 1 0/0 27:57 0:53 6:15
Guillaume Desbiens 3 0 3 2 4 6 2 0 1 0 2/2 18:07 1:14 2:26
Igor Makarov 0 1 1 2 0 1 1 0 0 0 0/0 8:44 0:00 0:00
Janne Niskala 1 1 2 1 0 2 6 1 2 0 0/0 27:37 1:19 6:30
Johannes Salmonsson 0 0 0 0 0 0 1 1 0 0 0/0 10:13 0:00 0:32
Jonathan Cheechoo 0 0 0 -1 0 2 2 0 1 1 0/2 17:05 0:58 3:29
Jonathan Matsumoto 0 0 0 -1 2 2 0 1 0 0 4/6 13:38 0:58 0:00
Magnus Paajarvi-Svensson 1 0 1 2 2 2 0 0 0 1 0/0 10:22 0:00 1:34
Mikael Backlund 1 2 3 3 0 3 3 0 0 1 18/37 22:31 1:14 7:15
Pasi Salonen 0 1 1 0 0 4 3 1 0 0 1/1 20:17 0:58 6:21
Pat Dwyer 0 0 0 0 2 1 3 0 0 0 0/1 12:15 0:00 3:08
Philip Larsen 0 1 1 2 0 2 3 1 0 0 0/0 12:06 0:00 0:15
Rico Fata 0 1 1 2 0 3 1 0 0 1 0/0 15:07 1:14 0:00
Ty Wishart 0 0 0 0 0 0 1 3 0 1 0/0 27:04 1:19 5:58
William Colbert 0 0 0 1 0 0 0 0 0 0 0/0 4:39 0:00 2:11
3 Stars
1 - Mikael Backlund (Que)
2 - Guillaume Desbiens (Que)
3 - Janne Niskala (Que)
Power Play
Atomiques - 1 on 7 Attempt(s) - 14,29%
National - 1 on 2 Attempt(s) - 50,00%
Penalty Kill
Atomiques - 1 on 2 Attempt(s) - 50,00%
- Score 0 goal in Penalty Kill
National - 6 on 7 Attempt(s) - 85,71%
- Score 1 goal in Penalty Kill
Official
Referees : O'Halloran Dan and L'Ecuyer Frederick
Linesman : Michel Cormier and Scott Driscoll
Game Notes
2:31 of 3rd period - Atomiques goal is going for a video replay. After video review, No Goal. The puck has been kicked using a distinct kicking motion.
Guillaume Desbiens has scored a Hat Trick!
Finance
Level 1 -- Attendance: 1505 (75,25%) -- Ticket Income 37 625 $
Level 2 -- Attendance: 707 (70,70%) -- Ticket Income 10 605 $
Total Attendance: 2212 (73,73%)
Total Ticket Income: 48 230 $
Other Income: 2 412 $
Total Income: 50 642 $
Atomiques
5 vs 5 Forward
Center Left Wing Right Wing Time % Phy DF OF
1 Logan Couture Linus Omark Alexandre Daigle 40 1 2 2
2 Tyler Brenner Brad Winchester John Zeiler 30 1 2 2
3 Brett Sutter Andrew Kozek Ryan Shannon 20 1 2 2
4 Drew Larman John McCarthy Nick Johnson 10 1 2 2
5 vs 5 Defense
Defense Defense Time % Phy DF OF
1 Alexander Sulzer Davis Drewiske 40 1 2 2
2 Clayton Stoner Kyle Wharton 30 1 2 2
3 Casey Borer Scott Jackson 20 1 2 2
4 Alexander Sulzer Davis Drewiske 10 1 2 2
PowerPlay Forward
Center Left Wing Right Wing Time % Phy DF OF
1 Logan Couture Linus Omark Alexandre Daigle 60 1 2 2
2 Tyler Brenner Brad Winchester John Zeiler 40 1 2 2
PowerPlay Defense
Defense Defense Time % Phy DF OF
1 Alexander Sulzer Davis Drewiske 60 1 2 2
2 Clayton Stoner Kyle Wharton 40 1 2 2
Penalty Kill 4 Players Forward
Center Wing Time % Phy DF OF
1 Tyler Brenner Linus Omark 60 1 2 2
2 Brad Winchester John Zeiler 40 1 2 2
Penalty Kill 4 Players Defense
Defense Defense Time % Phy DF OF
1 Alexander Sulzer Davis Drewiske 60 1 2 2
2 Clayton Stoner Kyle Wharton 40 1 2 2
Penalty Kill - 3 Players Forward
Forward Time % Phy DF OF
1 Brad Winchester 60 1 2 2
2 Linus Omark 40 1 2 2
Penalty Kill - 3 Players Defense
Defense Defense Time % Phy DF OF
1 Alexander Sulzer Davis Drewiske 60 1 2 2
2 Clayton Stoner Kyle Wharton 40 1 2 2
4 vs 4 Forward
Center Wing Time % Phy DF OF
1 Logan Couture Linus Omark 60 1 2 2
2 Tyler Brenner John Zeiler 40 1 2 2
4 vs 4 Defense
Defense Defense Time % Phy DF OF
1 Alexander Sulzer Davis Drewiske 60 1 2 2
2 Clayton Stoner Kyle Wharton 40 1 2 2
Last Minutes Offensive
Center Left Wing Right Wing Defense Defense
Logan Couture Brad Winchester Alexandre Daigle Alexander Sulzer Davis Drewiske
Last Minutes Defensive
Center Left Wing Right Wing Defense Defense
Logan Couture Brad Winchester Alexandre Daigle Alexander Sulzer Davis Drewiske
Goaltenders
Starting : Sergei Bobrovsky
Backup : Alex Auld
Extra Forwards
Normal : Ryan Shannon, Nick Johnson, Andrew Kozek - PP : Ryan Shannon, Nick Johnson - PK : Andrew Kozek
Extra Defensemen
Normal : Casey Borer, Scott Jackson, Clayton Stoner - PP : Casey Borer - PK : Scott Jackson, Clayton Stoner
Penalty Shots
Brad Winchester, Linus Omark, Alexandre Daigle, John Zeiler, Logan Couture
National
5 vs 5 Forward
Center Left Wing Right Wing Time % Phy DF OF
1 Mikael Backlund Rico Fata Guillaume Desbiens 40 0 2 3
2 Jonathan Matsumoto Pasi Salonen Jonathan Cheechoo 30 0 2 3
3 David Desharnais Johannes Salmonsson Pat Dwyer 20 1 2 2
4 Chris Mueller Magnus Paajarvi-Svensson Igor Makarov 10 1 2 2
5 vs 5 Defense
Defense Defense Time % Phy DF OF
1 Janne Niskala Ty Wishart 40 1 2 2
2 Dustin Kohn Erik Gustafsson 30 1 2 2
3 Philip Larsen Erik Gustafsson 20 1 2 2
4 Janne Niskala Ty Wishart 10 1 2 2
PowerPlay Forward
Center Left Wing Right Wing Time % Phy DF OF
1 Mikael Backlund Rico Fata Guillaume Desbiens 60 0 1 4
2 Jonathan Matsumoto Pasi Salonen Jonathan Cheechoo 40 0 1 4
PowerPlay Defense
Defense Defense Time % Phy DF OF
1 Janne Niskala Ty Wishart 60 0 2 3
2 Dustin Kohn Erik Gustafsson 40 0 2 3
Penalty Kill 4 Players Forward
Center Wing Time % Phy DF OF
1 Mikael Backlund Pasi Salonen 60 1 2 2
2 Guillaume Desbiens Jonathan Cheechoo 40 1 2 2
Penalty Kill 4 Players Defense
Defense Defense Time % Phy DF OF
1 Janne Niskala Ty Wishart 60 1 2 2
2 Dustin Kohn Erik Gustafsson 40 1 2 2
Penalty Kill - 3 Players Forward
Forward Time % Phy DF OF
1 Mikael Backlund 60 1 2 2
2 Pasi Salonen 40 1 2 2
Penalty Kill - 3 Players Defense
Defense Defense Time % Phy DF OF
1 Janne Niskala Ty Wishart 60 1 2 2
2 Dustin Kohn Erik Gustafsson 40 1 2 2
4 vs 4 Forward
Center Wing Time % Phy DF OF
1 Mikael Backlund Pasi Salonen 60 0 2 3
2 Jonathan Matsumoto Jonathan Cheechoo 40 0 2 3
4 vs 4 Defense
Defense Defense Time % Phy DF OF
1 Janne Niskala Ty Wishart 60 1 2 2
2 Dustin Kohn Erik Gustafsson 40 1 2 2
Last Minutes Offensive
Center Left Wing Right Wing Defense Defense
Mikael Backlund Rico Fata Guillaume Desbiens Janne Niskala Ty Wishart
Last Minutes Defensive
Center Left Wing Right Wing Defense Defense
Mikael Backlund Rico Fata Guillaume Desbiens Janne Niskala Ty Wishart
Goaltenders
Starting : Tyler Plante
Backup : Keith Kinkaid
Extra Forwards
Normal : Johannes Salmonsson, Chris Mueller, Pat Dwyer - PP : Johannes Salmonsson, Chris Mueller - PK : Pat Dwyer
Extra Defensemen
Normal : Philip Larsen, Erik Gustafsson, Dustin Kohn - PP : Philip Larsen - PK : Erik Gustafsson, Dustin Kohn
Penalty Shots
Rico Fata, Pasi Salonen, Guillaume Desbiens, Jonathan Cheechoo, Mikael Backlund
% Time on Ice - Atomiques
Lines # - Real PCT - Wanted PCT - Time Play
Normal Forward
1 - 31% - 40% - 14:00
2 - 27% - 30% - 12:16
3 - 24% - 20% - 11:01
4 - 17% - 10% - 7:45
Normal Defense
1 - 36% - 40% - 16:07
2 - 33% - 30% - 14:59
3 - 28% - 20% - 12:48
4 - 3% - 10% - 1:08
PP Forward
1 - 58% - 60% - 7:22
2 - 42% - 40% - 5:24
PP Defense
1 - 60% - 60% - 7:43
2 - 40% - 40% - 5:03
PK Forward
1 - 100% - 60% - 2:12
2 - 0% - 40% - 0:00
PK Defense
1 - 63% - 60% - 1:23
2 - 37% - 40% - 0:49
PK3 Forward
1 - 0% - 60%
2 - 0% - 40%
PK3 Defense
1 - 0% - 60%
2 - 0% - 40%
44 Forward
1 - 0% - 60%
2 - 0% - 40%
44 Defense
1 - 0% - 60%
2 - 0% - 40%
Last Minute Offensive - 0:00
Last Minute Defensive - 0:00
Total
Forward - 60:00
Defense - 60:00
|
% Time on Ice - National
Lines # - Real PCT - Wanted PCT - Time Play
Normal Forward
1 - 32% - 40% - 14:35
2 - 28% - 30% - 12:38
3 - 20% - 20% - 9:05
4 - 19% - 10% - 8:44
Normal Defense
1 - 43% - 40% - 19:12
2 - 32% - 30% - 14:14
3 - 22% - 20% - 10:06
4 - 3% - 10% - 1:30
PP Forward
1 - 56% - 60% - 1:14
2 - 44% - 40% - 0:58
PP Defense
1 - 60% - 60% - 1:19
2 - 40% - 40% - 0:53
PK Forward
1 - 73% - 60% - 9:17
2 - 27% - 40% - 3:29
PK Defense
1 - 48% - 60% - 6:04
2 - 52% - 40% - 6:42
PK3 Forward
1 - 0% - 60%
2 - 0% - 40%
PK3 Defense
1 - 0% - 60%
2 - 0% - 40%
44 Forward
1 - 0% - 60%
2 - 0% - 40%
44 Defense
1 - 0% - 60%
2 - 0% - 40%
Last Minute Offensive - 0:00
Last Minute Defensive - 0:00
Total
Forward - 60:00
Defense - 60:00
|
Play by Play
1st period
0:01 of 1st period - Alexandre Daigle wins face-off versus Mikael Backlund in neutral zone.
0:14 of 1st period - Wrist shot by Mikael Backlund.
0:14 of 1st period - Deflect By Rico Fata.
0:14 of 1st period - Shot Blocked by Alexander Sulzer.
0:14 of 1st period - Puck is out of play.
0:15 of 1st period - Jonathan Matsumoto wins face-off versus Tyler Brenner in Atomiques zone.
0:51 of 1st period - Wrist shot by Brett Sutter.
0:51 of 1st period - Shot Misses the Net.
0:53 of 1st period - Slapshot by Scott Jackson.
0:53 of 1st period - Shot Misses the Net.
0:55 of 1st period - Wrist shot by Andrew Kozek.
0:55 of 1st period - Stopped by Tyler Plante with a rebound.
1:11 of 1st period - Snap shot by Guillaume Desbiens.
1:11 of 1st period - Stopped by Sergei Bobrovsky with a rebound.
1:13 of 1st period - Wrist shot by Erik Gustafsson.
1:13 of 1st period - Deflect By Guillaume Desbiens.
1:13 of 1st period - Goal by Guillaume Desbiens - Atomiques : 0 - National : 1.
1:14 of 1st period - Drew Larman wins face-off versus David Desharnais in neutral zone.
1:21 of 1st period - Snap shot by Nick Johnson.
1:21 of 1st period - Stopped by Tyler Plante with a rebound.
2:38 of 1st period - Snap shot by Tyler Brenner.
2:38 of 1st period - Shot Misses the Net.
3:11 of 1st period - Slapshot by Davis Drewiske.
3:11 of 1st period - Shot Blocked by Dustin Kohn.
4:17 of 1st period - Linus Omark is hit by Janne Niskala and loses puck.
4:47 of 1st period - Wrist shot by John McCarthy.
4:47 of 1st period - Goal by John McCarthy - Atomiques : 1 - National : 1.
4:48 of 1st period - Mikael Backlund wins face-off versus Logan Couture in neutral zone.
4:53 of 1st period - Wrist shot by Rico Fata.
4:53 of 1st period - Stopped by Sergei Bobrovsky without a rebound.
4:54 of 1st period - Logan Couture wins face-off versus Mikael Backlund in Atomiques zone.
5:03 of 1st period - Erik Gustafsson is hit by Alexander Sulzer and loses puck.
5:20 of 1st period - John Zeiler is hit by Pasi Salonen and loses puck.
5:27 of 1st period - Erik Gustafsson is hit by John Zeiler and loses puck.
5:40 of 1st period - Kyle Wharton is hit by David Desharnais.
5:48 of 1st period - Snap shot by Brett Sutter.
5:48 of 1st period - Shot Misses the Net.
6:04 of 1st period - Snap shot by Chris Mueller.
6:04 of 1st period - Deflect By Magnus Paajarvi-Svensson.
6:04 of 1st period - Shot Misses the Net.
6:04 of 1st period - Puck is out of play.
6:05 of 1st period - Chris Mueller wins face-off versus Logan Couture in Atomiques zone.
6:05 of 1st period - Janne Niskala is hit by Alexander Sulzer and loses puck.
6:16 of 1st period - Snap shot by Magnus Paajarvi-Svensson.
6:16 of 1st period - Stopped by Sergei Bobrovsky with a rebound.
7:21 of 1st period - Snap shot by Rico Fata.
7:21 of 1st period - Shot Misses the Net.
7:23 of 1st period - Slapshot by Dustin Kohn.
7:23 of 1st period - Shot Misses the Net.
7:25 of 1st period - Slapshot by Guillaume Desbiens.
7:25 of 1st period - Goal by Guillaume Desbiens - Atomiques : 1 - National : 2.
7:26 of 1st period - Logan Couture wins face-off versus Mikael Backlund in neutral zone.
7:37 of 1st period - Snap shot by Linus Omark.
7:37 of 1st period - Deflect By Alexandre Daigle.
7:37 of 1st period - Shot Blocked by Dustin Kohn.
7:37 of 1st period - Puck is out of play.
7:38 of 1st period - Mikael Backlund wins face-off versus Logan Couture in National zone.
7:50 of 1st period - Wrist shot by Alexandre Daigle.
7:50 of 1st period - Shot Misses the Net.
7:52 of 1st period - Slapshot by Alexander Sulzer.
7:52 of 1st period - Shot Blocked by Ty Wishart.
7:54 of 1st period - Slapshot by Davis Drewiske.
7:54 of 1st period - Stopped by Tyler Plante with a rebound.
8:06 of 1st period - Slapshot by Andrew Kozek.
8:06 of 1st period - Shot Misses the Net.
8:08 of 1st period - Slapshot by Ryan Shannon.
8:08 of 1st period - Stopped by Tyler Plante without a rebound.
8:09 of 1st period - Jonathan Matsumoto wins face-off versus Brett Sutter in National zone.
8:14 of 1st period - Slapshot by Jonathan Matsumoto.
8:14 of 1st period - Shot Misses the Net.
8:16 of 1st period - Snap shot by Jonathan Matsumoto.
8:16 of 1st period - Shot Misses the Net.
8:18 of 1st period - Slapshot by Philip Larsen.
8:18 of 1st period - Deflect By Jonathan Cheechoo.
8:18 of 1st period - Stopped by Sergei Bobrovsky without a rebound.
8:19 of 1st period - Jonathan Matsumoto wins face-off versus Tyler Brenner in Atomiques zone.
8:20 of 1st period - Wrist shot by Pasi Salonen.
8:20 of 1st period - Stopped by Sergei Bobrovsky with a rebound.
8:22 of 1st period - Slapshot by Jonathan Matsumoto.
8:22 of 1st period - Shot Blocked by Davis Drewiske.
8:24 of 1st period - Wrist shot by Jonathan Cheechoo.
8:24 of 1st period - Shot Misses the Net.
8:32 of 1st period - Snap shot by Pasi Salonen.
8:32 of 1st period - Shot Blocked by Alexander Sulzer.
8:38 of 1st period - Snap shot by Jonathan Cheechoo.
8:38 of 1st period - Shot Blocked by Alexander Sulzer.
8:40 of 1st period - Wrist shot by Jonathan Cheechoo.
8:40 of 1st period - Shot Misses the Net.
8:42 of 1st period - Snap shot by Pasi Salonen.
8:42 of 1st period - Shot Misses the Net.
8:48 of 1st period - Wrist shot by Pasi Salonen.
8:48 of 1st period - Shot Misses the Net.
8:54 of 1st period - Wrist shot by Pasi Salonen.
8:54 of 1st period - Stopped by Sergei Bobrovsky with a rebound.
8:56 of 1st period - Wrist shot by Pasi Salonen.
8:56 of 1st period - Stopped by Sergei Bobrovsky with a rebound.
8:58 of 1st period - Slapshot by Philip Larsen.
8:58 of 1st period - Stopped by Sergei Bobrovsky without a rebound.
8:59 of 1st period - Logan Couture wins face-off versus Mikael Backlund in Atomiques zone.
9:01 of 1st period - Minor Penalty to Linus Omark for Hooking.
9:02 of 1st period - Mikael Backlund wins face-off versus Tyler Brenner in Atomiques zone.
11:01 of 1st period - Penalty to Linus Omark is over, Linus Omark is back on ice.
11:05 of 1st period - Slapshot by Logan Couture.
11:05 of 1st period - Shot Misses the Net.
11:42 of 1st period - Snap shot by Logan Couture.
11:42 of 1st period - Stopped by Tyler Plante without a rebound.
11:43 of 1st period - David Desharnais wins face-off versus Tyler Brenner in National zone.
12:06 of 1st period - Andrew Kozek is hit by Mikael Backlund and loses puck.
12:28 of 1st period - Philip Larsen is hit by Drew Larman.
12:34 of 1st period - Kyle Wharton is hit by Igor Makarov and loses puck.
12:43 of 1st period - Minor Penalty to Magnus Paajarvi-Svensson for Interference.
12:44 of 1st period - Linus Omark wins face-off versus Mikael Backlund in National zone.
12:45 of 1st period - Wrist shot by Alexandre Daigle.
12:45 of 1st period - Shot Misses the Net.
12:47 of 1st period - Snap shot by Linus Omark.
12:47 of 1st period - Shot Misses the Net.
12:49 of 1st period - Snap shot by Logan Couture.
12:49 of 1st period - Stopped by Tyler Plante with a rebound.
12:51 of 1st period - Wrist shot by Linus Omark.
12:51 of 1st period - Shot Misses the Net.
13:33 of 1st period - Tyler Brenner is hit by Pat Dwyer.
13:51 of 1st period - Wrist shot by Guillaume Desbiens.
13:51 of 1st period - Shot Misses the Net.
14:27 of 1st period - Alexander Sulzer is hit by Janne Niskala and loses puck.
14:43 of 1st period - Penalty to Magnus Paajarvi-Svensson is over, Magnus Paajarvi-Svensson is back on ice.
16:03 of 1st period - Andrew Kozek is hit by Chris Mueller and loses puck.
16:08 of 1st period - Slapshot by Janne Niskala.
16:08 of 1st period - Goal by Janne Niskala - Atomiques : 1 - National : 3.
16:09 of 1st period - Mikael Backlund wins face-off versus Logan Couture in neutral zone.
16:31 of 1st period - Icing by Guillaume Desbiens.
16:32 of 1st period - Mikael Backlund wins face-off versus Tyler Brenner in National zone.
16:37 of 1st period - Slapshot by Janne Niskala.
16:37 of 1st period - Stopped by Sergei Bobrovsky without a rebound.
16:38 of 1st period - Jonathan Matsumoto wins face-off versus Tyler Brenner in Atomiques zone.
16:41 of 1st period - Snap shot by Jonathan Cheechoo.
16:41 of 1st period - Shot Misses the Net.
16:51 of 1st period - Wrist shot by Brad Winchester.
16:51 of 1st period - Shot Blocked by Pasi Salonen.
16:53 of 1st period - Wrist shot by Clayton Stoner.
16:53 of 1st period - Deflect By Brad Winchester.
16:53 of 1st period - Shot Blocked by Janne Niskala.
16:53 of 1st period - Puck is out of play.
16:54 of 1st period - Logan Couture wins face-off versus Mikael Backlund in National zone.
17:03 of 1st period - Wrist shot by Linus Omark.
17:03 of 1st period - Stopped by Tyler Plante without a rebound.
17:04 of 1st period - Logan Couture wins face-off versus Mikael Backlund in National zone.
17:15 of 1st period - Rico Fata is hit by Linus Omark and loses puck.
17:30 of 1st period - Snap shot by Linus Omark.
17:30 of 1st period - Shot Blocked by Dustin Kohn.
17:48 of 1st period - Snap shot by Alexandre Daigle.
17:48 of 1st period - Deflect By Logan Couture.
17:48 of 1st period - Shot Misses the Net.
17:48 of 1st period - Puck is out of play.
17:49 of 1st period - John Zeiler wins face-off versus Jonathan Matsumoto in National zone.
17:58 of 1st period - Jonathan Cheechoo is hit by Kyle Wharton and loses puck.
18:20 of 1st period - Wrist shot by Ryan Shannon.
18:20 of 1st period - Stopped by Tyler Plante with a rebound.
18:38 of 1st period - John McCarthy is hit by Philip Larsen and loses puck.
18:47 of 1st period - Slapshot by Alexander Sulzer.
18:47 of 1st period - Shot Blocked by Philip Larsen.
18:59 of 1st period - Wrist shot by Alexandre Daigle.
18:59 of 1st period - Stopped by Tyler Plante with a rebound.
19:25 of 1st period - Ryan Shannon is hit by Erik Gustafsson and loses puck.
Goals for this period are 1 for Atomiques vs 3 for National.
Shots for this period are 10 for Atomiques vs 12 for National.
2nd period
0:01 of 2nd period - Mikael Backlund wins face-off versus Logan Couture in neutral zone.
1:06 of 2nd period - Wrist shot by Alexandre Daigle.
1:06 of 2nd period - Shot Blocked by Erik Gustafsson.
1:08 of 2nd period - Snap shot by Alexandre Daigle.
1:08 of 2nd period - Stopped by Tyler Plante with a rebound.
1:10 of 2nd period - Wrist shot by Logan Couture.
1:10 of 2nd period - Shot Misses the Net.
1:12 of 2nd period - Snap shot by Kyle Wharton.
1:12 of 2nd period - Shot Blocked by Dustin Kohn.
1:22 of 2nd period - Dustin Kohn is hit by John McCarthy and loses puck.
1:41 of 2nd period - Jonathan Matsumoto is hit by Casey Borer and loses puck.
2:08 of 2nd period - Snap shot by Linus Omark.
2:08 of 2nd period - Stopped by Tyler Plante with a rebound.
2:10 of 2nd period - Backhand shot by Linus Omark.
2:10 of 2nd period - Deflect By Logan Couture.
2:10 of 2nd period - Stopped by Tyler Plante with a rebound.
2:12 of 2nd period - Wrist shot by Linus Omark.
2:12 of 2nd period - Stopped by Tyler Plante with a rebound.
2:14 of 2nd period - Slapshot by Casey Borer.
2:14 of 2nd period - Shot Blocked by Ty Wishart.
2:16 of 2nd period - Snap shot by Linus Omark.
2:16 of 2nd period - Stopped by Tyler Plante with a rebound.
2:45 of 2nd period - Janne Niskala is hit by Clayton Stoner and loses puck.
3:26 of 2nd period - Mikael Backlund is hit by Davis Drewiske and loses puck.
3:35 of 2nd period - Brad Winchester is hit by Chris Mueller and loses puck.
3:48 of 2nd period - Kyle Wharton is hit by Dustin Kohn and loses puck.
4:21 of 2nd period - Alexandre Daigle is hit by Mikael Backlund.
4:47 of 2nd period - John McCarthy is hit by David Desharnais and loses puck.
5:33 of 2nd period - Casey Borer is hit by Pasi Salonen and loses puck.
5:48 of 2nd period - Wrist shot by Brad Winchester.
5:48 of 2nd period - Stopped by Tyler Plante with a rebound.
6:08 of 2nd period - Snap shot by John McCarthy.
6:08 of 2nd period - Stopped by Tyler Plante with a rebound.
6:18 of 2nd period - Pat Dwyer is hit by Clayton Stoner.
6:32 of 2nd period - Kyle Wharton is hit by Pasi Salonen and loses puck.
6:38 of 2nd period - Off-side.
6:39 of 2nd period - Logan Couture wins face-off versus Mikael Backlund in neutral zone.
6:43 of 2nd period - Minor Penalty to Guillaume Desbiens for Roughing.
6:44 of 2nd period - Mikael Backlund wins face-off versus Logan Couture in National zone.
6:57 of 2nd period - Wrist shot by Alexandre Daigle.
6:57 of 2nd period - Shot Misses the Net.
6:59 of 2nd period - Wrist shot by Linus Omark.
6:59 of 2nd period - Deflect By Alexandre Daigle.
6:59 of 2nd period - Stopped by Tyler Plante with a rebound.
7:33 of 2nd period - Pasi Salonen is hit by Alexandre Daigle and loses puck.
8:15 of 2nd period - Alexandre Daigle is hit by Pat Dwyer.
8:43 of 2nd period - Penalty to Guillaume Desbiens is over, Guillaume Desbiens is back on ice.
9:09 of 2nd period - Snap shot by Guillaume Desbiens.
9:09 of 2nd period - Stopped by Sergei Bobrovsky with a rebound.
9:21 of 2nd period - Wrist shot by Mikael Backlund.
9:21 of 2nd period - Stopped by Sergei Bobrovsky with a rebound.
9:53 of 2nd period - Slapshot by Igor Makarov.
9:53 of 2nd period - Stopped by Sergei Bobrovsky with a rebound.
10:24 of 2nd period - Alexander Sulzer is hit by Philip Larsen and loses puck.
10:59 of 2nd period - Double Minor Penalty to Dustin Kohn for High sticking.
11:00 of 2nd period - Logan Couture wins face-off versus Mikael Backlund in National zone.
11:03 of 2nd period - Slapshot by Linus Omark.
11:03 of 2nd period - Shot Misses the Net.
11:05 of 2nd period - Slapshot by Alexandre Daigle.
11:05 of 2nd period - Deflect By Linus Omark.
11:05 of 2nd period - Stopped by Tyler Plante with a rebound.
11:07 of 2nd period - Snap shot by Logan Couture.
11:07 of 2nd period - Deflect By Linus Omark.
11:07 of 2nd period - Stopped by Tyler Plante with a rebound.
11:09 of 2nd period - Snap shot by Logan Couture.
11:09 of 2nd period - Shot Blocked by Ty Wishart.
11:57 of 2nd period - Slapshot by Erik Gustafsson.
11:57 of 2nd period - Shot Blocked by Linus Omark.
12:00 of 2nd period - Icing by Clayton Stoner.
12:01 of 2nd period - Guillaume Desbiens wins face-off versus Logan Couture in Atomiques zone.
12:16 of 2nd period - Brad Winchester is hit by Jonathan Cheechoo and loses puck.
12:21 of 2nd period - Snap shot by Jonathan Cheechoo.
12:21 of 2nd period - Deflect By Guillaume Desbiens.
12:21 of 2nd period - Shot Blocked by John Zeiler.
12:21 of 2nd period - Puck is out of play.
12:22 of 2nd period - Guillaume Desbiens wins face-off versus Tyler Brenner in Atomiques zone.
12:26 of 2nd period - Slapshot by Jonathan Cheechoo.
12:26 of 2nd period - Stopped by Sergei Bobrovsky without a rebound.
12:27 of 2nd period - Tyler Brenner wins face-off versus Mikael Backlund in Atomiques zone.
14:34 of 2nd period - Guillaume Desbiens is hit by Ryan Shannon and loses puck.
14:59 of 2nd period - Penalty to Dustin Kohn is over, Dustin Kohn is back on ice.
15:39 of 2nd period - Pasi Salonen is hit by John McCarthy and loses puck.
15:58 of 2nd period - Brad Winchester is hit by Janne Niskala and loses puck.
16:09 of 2nd period - Johannes Salmonsson is hit by Brett Sutter.
16:19 of 2nd period - Pasi Salonen is hit by Casey Borer and loses puck.
16:34 of 2nd period - John McCarthy is hit by Janne Niskala and loses puck.
17:20 of 2nd period - Kyle Wharton is hit by Janne Niskala and loses puck.
17:27 of 2nd period - Magnus Paajarvi-Svensson is hit by Alexandre Daigle and loses puck.
17:54 of 2nd period - Snap shot by Brad Winchester.
17:54 of 2nd period - Stopped by Tyler Plante without a rebound.
17:55 of 2nd period - David Desharnais wins face-off versus Tyler Brenner in National zone.
18:04 of 2nd period - John Zeiler is hit by Johannes Salmonsson and loses puck.
18:11 of 2nd period - Slapshot by Clayton Stoner.
18:11 of 2nd period - Stopped by Tyler Plante without a rebound.
18:12 of 2nd period - Brett Sutter wins face-off versus Mikael Backlund in National zone.
18:41 of 2nd period - Alexander Sulzer is hit by Jonathan Cheechoo and loses puck.
19:08 of 2nd period - Alexandre Daigle is hit by David Desharnais and loses puck.
19:25 of 2nd period - Wrist shot by Magnus Paajarvi-Svensson.
19:25 of 2nd period - Shot Blocked by Clayton Stoner.
19:27 of 2nd period - Snap shot by Rico Fata.
19:27 of 2nd period - Shot Misses the Net.
19:29 of 2nd period - Snap shot by Rico Fata.
19:29 of 2nd period - Stopped by Sergei Bobrovsky with a rebound.
19:41 of 2nd period - Slapshot by John McCarthy.
19:41 of 2nd period - Stopped by Tyler Plante without a rebound.
19:42 of 2nd period - Brett Sutter wins face-off versus Jonathan Cheechoo in National zone.
Goals for this period are 0 for Atomiques vs 0 for National.
Shots for this period are 13 for Atomiques vs 5 for National.
3rd period
0:01 of 3rd period - Mikael Backlund wins face-off versus Logan Couture in neutral zone.
0:12 of 3rd period - Snap shot by Guillaume Desbiens.
0:12 of 3rd period - Shot Misses the Net.
0:14 of 3rd period - Slapshot by Rico Fata.
0:14 of 3rd period - Stopped by Sergei Bobrovsky with a rebound.
0:16 of 3rd period - Slapshot by Mikael Backlund.
0:16 of 3rd period - Shot Blocked by Alexander Sulzer.
0:26 of 3rd period - Alexander Sulzer is hit by Janne Niskala and loses puck.
0:35 of 3rd period - Slapshot by Alexander Sulzer.
0:35 of 3rd period - Stopped by Tyler Plante without a rebound.
0:36 of 3rd period - Mikael Backlund wins face-off versus Logan Couture in National zone.
1:48 of 3rd period - Backhand shot by Alexander Sulzer.
1:48 of 3rd period - Stopped by Tyler Plante without a rebound.
1:49 of 3rd period - Drew Larman wins face-off versus Mikael Backlund in National zone.
1:50 of 3rd period - Snap shot by John McCarthy.
1:50 of 3rd period - Shot Misses the Net.
1:52 of 3rd period - Snap shot by John McCarthy.
1:52 of 3rd period - Shot Misses the Net.
1:54 of 3rd period - Snap shot by Casey Borer.
1:54 of 3rd period - Deflect By Nick Johnson.
1:54 of 3rd period - Shot Misses the Net.
1:54 of 3rd period - Puck is out of play.
1:55 of 3rd period - Logan Couture wins face-off versus Mikael Backlund in National zone.
2:08 of 3rd period - Janne Niskala is hit by Alexandre Daigle and loses puck.
2:25 of 3rd period - Slapshot by Brad Winchester.
2:25 of 3rd period - Stopped by Tyler Plante without a rebound.
2:26 of 3rd period - Tyler Brenner wins face-off versus Jonathan Cheechoo in National zone.
2:29 of 3rd period - Slapshot by John Zeiler.
2:29 of 3rd period - Shot Misses the Net.
2:31 of 3rd period - Slapshot by Alexander Sulzer.
2:31 of 3rd period - Atomiques goal is going for a video replay.
2:31 of 3rd period - The goal is refused. The puck has been kicked using a distinct kicking motion..
2:32 of 3rd period - Logan Couture wins face-off versus Mikael Backlund in National zone.
2:33 of 3rd period - Snap shot by Linus Omark.
2:33 of 3rd period - Shot Misses the Net.
2:35 of 3rd period - Snap shot by Alexandre Daigle.
2:35 of 3rd period - Shot Misses the Net.
2:37 of 3rd period - Snap shot by Davis Drewiske.
2:37 of 3rd period - Deflect By Alexandre Daigle.
2:37 of 3rd period - Shot Misses the Net.
2:37 of 3rd period - Puck is out of play.
2:38 of 3rd period - Mikael Backlund wins face-off versus Logan Couture in National zone.
2:54 of 3rd period - Snap shot by Alexandre Daigle.
2:54 of 3rd period - Shot Hit the Post.
3:04 of 3rd period - Jonathan Cheechoo is hit by Tyler Brenner and loses puck.
3:13 of 3rd period - Slapshot by Ty Wishart.
3:13 of 3rd period - Shot Blocked by John Zeiler.
3:34 of 3rd period - Slapshot by Dustin Kohn.
3:34 of 3rd period - Shot Misses the Net.
3:36 of 3rd period - Wrist shot by Pat Dwyer.
3:36 of 3rd period - Stopped by Sergei Bobrovsky with a rebound.
3:52 of 3rd period - Slapshot by Logan Couture.
3:52 of 3rd period - Shot Misses the Net.
3:54 of 3rd period - Slapshot by Linus Omark.
3:54 of 3rd period - Stopped by Tyler Plante with a rebound.
4:06 of 3rd period - Clayton Stoner is hit by Guillaume Desbiens and loses puck.
4:29 of 3rd period - Snap shot by Pasi Salonen.
4:29 of 3rd period - Shot Misses the Net.
4:31 of 3rd period - Slapshot by Philip Larsen.
4:31 of 3rd period - Stopped by Sergei Bobrovsky with a rebound.
4:33 of 3rd period - Slapshot by Erik Gustafsson.
4:33 of 3rd period - Stopped by Sergei Bobrovsky with a rebound.
4:35 of 3rd period - Snap shot by Jonathan Matsumoto.
4:35 of 3rd period - Stopped by Sergei Bobrovsky without a rebound.
4:36 of 3rd period - Mikael Backlund wins face-off versus Logan Couture in Atomiques zone.
4:39 of 3rd period - Wrist shot by Guillaume Desbiens.
4:39 of 3rd period - Shot Misses the Net.
4:41 of 3rd period - Slapshot by Erik Gustafsson.
4:41 of 3rd period - Stopped by Sergei Bobrovsky with a rebound.
4:43 of 3rd period - Snap shot by Mikael Backlund.
4:43 of 3rd period - Shot Misses the Net.
4:48 of 3rd period - Minor Penalty to Davis Drewiske for Delaying the game.
4:49 of 3rd period - Mikael Backlund wins face-off versus Tyler Brenner in Atomiques zone.
5:01 of 3rd period - Snap shot by Guillaume Desbiens.
5:01 of 3rd period - Goal by Guillaume Desbiens - Atomiques : 1 - National : 4.
5:02 of 3rd period - Mikael Backlund wins face-off versus Logan Couture in neutral zone.
5:32 of 3rd period - Wrist shot by Pasi Salonen.
5:32 of 3rd period - Deflect By Jonathan Matsumoto.
5:32 of 3rd period - Shot Blocked by Kyle Wharton.
5:32 of 3rd period - Puck is out of play.
5:33 of 3rd period - Pasi Salonen wins face-off versus Tyler Brenner in Atomiques zone.
5:40 of 3rd period - Slapshot by Jonathan Matsumoto.
5:40 of 3rd period - Stopped by Sergei Bobrovsky with a rebound.
5:58 of 3rd period - Logan Couture is hit by Dustin Kohn and loses puck.
6:21 of 3rd period - Snap shot by David Desharnais.
6:21 of 3rd period - Stopped by Sergei Bobrovsky with a rebound.
6:23 of 3rd period - Wrist shot by Pat Dwyer.
6:23 of 3rd period - Shot Misses the Net.
6:25 of 3rd period - Slapshot by Pat Dwyer.
6:25 of 3rd period - Shot Misses the Net.
6:39 of 3rd period - Davis Drewiske is hit by Philip Larsen and loses puck.
7:00 of 3rd period - John Zeiler is hit by Ty Wishart and loses puck.
7:24 of 3rd period - Linus Omark is hit by Mikael Backlund and loses puck.
7:35 of 3rd period - Minor Penalty to Pat Dwyer for Holding.
7:36 of 3rd period - Mikael Backlund wins face-off versus Logan Couture in National zone.
8:26 of 3rd period - Snap shot by Linus Omark.
8:26 of 3rd period - Goal by Linus Omark - Atomiques : 2 - National : 4.
8:27 of 3rd period - Logan Couture wins face-off versus Mikael Backlund in neutral zone.
8:32 of 3rd period - Snap shot by Alexandre Daigle.
8:32 of 3rd period - Stopped by Tyler Plante with a rebound.
9:20 of 3rd period - Snap shot by Brad Winchester.
9:20 of 3rd period - Deflect By John Zeiler.
9:20 of 3rd period - Shot Misses the Net.
9:20 of 3rd period - Puck is out of play.
9:21 of 3rd period - Tyler Brenner wins face-off versus Jonathan Matsumoto in National zone.
9:53 of 3rd period - Snap shot by Tyler Brenner.
9:53 of 3rd period - Stopped by Tyler Plante with a rebound.
10:40 of 3rd period - Minor Penalty to Jonathan Matsumoto for Hooking.
10:41 of 3rd period - Mikael Backlund wins face-off versus Logan Couture in National zone.
11:28 of 3rd period - Snap shot by Ryan Shannon.
11:28 of 3rd period - Stopped by Tyler Plante with a rebound.
11:30 of 3rd period - Slapshot by Davis Drewiske.
11:30 of 3rd period - Shot Blocked by David Desharnais.
11:32 of 3rd period - Snap shot by Andrew Kozek.
11:32 of 3rd period - Stopped by Tyler Plante with a rebound.
11:34 of 3rd period - Wrist shot by Nick Johnson.
11:34 of 3rd period - Deflect By Andrew Kozek.
11:34 of 3rd period - Shot Misses the Net.
11:34 of 3rd period - Puck is out of play.
11:35 of 3rd period - Logan Couture wins face-off versus Mikael Backlund in National zone.
12:23 of 3rd period - Logan Couture is hit by Pat Dwyer and loses puck.
12:40 of 3rd period - Penalty to Jonathan Matsumoto is over, Jonathan Matsumoto is back on ice.
13:16 of 3rd period - Wrist shot by Drew Larman.
13:16 of 3rd period - Stopped by Tyler Plante with a rebound.
13:18 of 3rd period - Snap shot by John McCarthy.
13:18 of 3rd period - Shot Misses the Net.
13:20 of 3rd period - Snap shot by Nick Johnson.
13:20 of 3rd period - Shot Blocked by Johannes Salmonsson.
13:52 of 3rd period - Nick Johnson is hit by Chris Mueller.
13:58 of 3rd period - Slapshot by Magnus Paajarvi-Svensson.
13:58 of 3rd period - Goal by Magnus Paajarvi-Svensson - Atomiques : 2 - National : 5.
13:59 of 3rd period - Logan Couture wins face-off versus Mikael Backlund in neutral zone.
14:04 of 3rd period - Mikael Backlund is hit by Alexander Sulzer and loses puck.
14:51 of 3rd period - Davis Drewiske is hit by Chris Mueller and loses puck.
14:58 of 3rd period - Snap shot by Magnus Paajarvi-Svensson.
14:58 of 3rd period - Shot Misses the Net.
15:12 of 3rd period - Brett Sutter is hit by David Desharnais and loses puck.
15:35 of 3rd period - Snap shot by Guillaume Desbiens.
15:35 of 3rd period - Stopped by Sergei Bobrovsky with a rebound.
15:37 of 3rd period - Wrist shot by Mikael Backlund.
15:37 of 3rd period - Stopped by Sergei Bobrovsky with a rebound.
15:39 of 3rd period - Snap shot by Guillaume Desbiens.
15:39 of 3rd period - Shot Blocked by Casey Borer.
15:41 of 3rd period - Snap shot by Mikael Backlund.
15:41 of 3rd period - Deflect By Rico Fata.
15:41 of 3rd period - Shot Misses the Net.
15:41 of 3rd period - Puck is out of play.
15:42 of 3rd period - Brett Sutter wins face-off versus Mikael Backlund in Atomiques zone.
15:42 of 3rd period - Brett Sutter is hit by Rico Fata.
15:47 of 3rd period - Ryan Shannon is hit by Guillaume Desbiens and loses puck.
16:03 of 3rd period - Minor Penalty to Guillaume Desbiens for Slashing.
16:04 of 3rd period - Mikael Backlund wins face-off versus Logan Couture in National zone.
16:13 of 3rd period - Janne Niskala is hit by Alexandre Daigle.
16:19 of 3rd period - Slapshot by Janne Niskala.
16:19 of 3rd period - Deflect By Pasi Salonen.
16:19 of 3rd period - Shot Misses the Net.
16:19 of 3rd period - Puck is out of play.
16:20 of 3rd period - Mikael Backlund wins face-off versus Logan Couture in Atomiques zone.
16:30 of 3rd period - Off-side.
16:31 of 3rd period - Mikael Backlund wins face-off versus Logan Couture in neutral zone.
16:34 of 3rd period - Slapshot by Janne Niskala.
16:34 of 3rd period - Shot Misses the Net.
16:36 of 3rd period - Wrist shot by Pasi Salonen.
16:36 of 3rd period - Stopped by Sergei Bobrovsky with a rebound.
16:38 of 3rd period - Wrist shot by Pasi Salonen.
16:38 of 3rd period - Shot Misses the Net.
16:40 of 3rd period - Wrist shot by Mikael Backlund.
16:40 of 3rd period - Goal by Mikael Backlund - Atomiques : 2 - National : 6.
16:41 of 3rd period - Logan Couture wins face-off versus Mikael Backlund in neutral zone.
16:46 of 3rd period - Wrist shot by Linus Omark.
16:46 of 3rd period - Stopped by Tyler Plante with a rebound.
17:12 of 3rd period - Wrist shot by Alexander Sulzer.
17:12 of 3rd period - Deflect By Brad Winchester.
17:12 of 3rd period - Shot Misses the Net.
17:12 of 3rd period - Puck is out of play.
17:13 of 3rd period - Logan Couture wins face-off versus Pat Dwyer in National zone.
18:03 of 3rd period - Penalty to Guillaume Desbiens is over, Guillaume Desbiens is back on ice.
18:20 of 3rd period - Chris Mueller is hit by Alexander Sulzer and loses puck.
18:31 of 3rd period - Scott Jackson is hit by David Desharnais and loses puck.
19:10 of 3rd period - Slapshot by Alexandre Daigle.
19:10 of 3rd period - Shot Blocked by Jonathan Matsumoto.
19:12 of 3rd period - Slapshot by Clayton Stoner.
19:12 of 3rd period - Stopped by Tyler Plante without a rebound.
19:13 of 3rd period - David Desharnais wins face-off versus Alexandre Daigle in National zone.
19:20 of 3rd period - Alexandre Daigle is hit by Dustin Kohn and loses puck.
Goals for this period are 1 for Atomiques vs 3 for National.
Shots for this period are 13 for Atomiques vs 14 for National.
Output by the SimonT Hockey Simulator (STHS) for François Prévost -- Original Page W3C XHTML 1.0 Valid